 Dungeon Crawl Stone Soup version 0.23.0 (webtiles) character file.

Game seed: 155542931902223986

44 Borgoz the Chopper (level 3, 0/22 HPs)
             Began as a Gargoyle Gladiator on Feb 9, 2019.
             Slain by a sky beast (3 damage)
             ... on level 2 of the Dungeon.
             The game lasted 00:02:00 (974 turns).

Borgoz the Chopper (Gargoyle Gladiator)              Turns: 974, Time: 00:02:01

Health: 0/22       AC: 10    Str: 17    XL:     3   Next: 62%
Magic:  3/3        EV: 10    Int:  8    God:
Gold:   75         SH:  0    Dex: 12    Spells: 2/2 levels left

rFire    + . .     SeeInvis .   a - +0 war axe
rCold    . . .     Gourm    .   (no shield)
rNeg     + . .     Faith    .   r - +0 scale mail {rF+}
rPois    ∞         Spirit   .   c - +0 helmet
rElec    +         Reflect  .   (no cloak)
rCorr    +         Harm     .   (no gloves)
MR       .....                  (no boots)
Stlth    ..........             (no amulet)
HPRegen  0.07/turn              (no ring)
MPRegen  0.08/turn              o - ring of resist corrosion

@: no status effects
A: negative energy resistance 1, electricity resistance, unbreathing,
petrification resistance, rot immunity, AC +3
a: no special abilities


You were on level 2 of the Dungeon.
You were hungry.

You visited 1 branch of the dungeon, and saw 2 of its levels.

You collected 75 gold pieces.

Inventory:

Hand Weapons
 a - a +0 war axe (weapon)
Missiles
 d - 3 throwing nets (quivered)
Armour
 c - a +0 helmet (worn)
 r - a +0 scale mail of fire resistance (worn)
Jewellery
 e - an uncursed ring of ice
 o - a ring of resist corrosion (right hand)
Scrolls
 g - a scroll of amnesia {unknown}
 j - a scroll of identify {unknown}
 l - 2 scrolls of remove curse {unknown}
 q - a scroll of magic mapping {unknown}
Potions
 h - a potion of degeneration {unknown}
 m - a potion of cancellation {unknown}
 n - a potion of curing {unknown}
 p - a potion of resistance {unknown}
Comestibles
 f - 4 rations


   Skills:
 + Level 2.7 Fighting
 + Level 3.0 Axes
 - Level 1.7 Throwing
 + Level 1.2 Armour
 * Level 3.0 Dodging


You had 2 spell levels left.
You didn't know any spells.
Your spell library was empty.

Dungeon Overview and Level Annotations

Branches:
Dungeon (2/15)

Altars:


Innate Abilities, Weirdness & Mutations

You are resistant to torment.
Your stone body is resilient. (AC +3)
You are immune to poison.
You resist negative energy. (rN+)
You are resistant to electric shocks. (rElec)
You can survive without breathing.
You are immune to petrification.
You are immune to rotting.


Message History

You closely miss something.
Something hits you but does no damage. x2
You closely miss something. Something hits you but does no damage.
You are feeling hungry.
You closely miss something. Something hits you but does no damage.
You miss something.
A sky beast appears from thin air!
Reactivating autopickup.
The sky beast hits you but does no damage.
The sky beast flickers out of sight!
Deactivating autopickup; reactivate with Ctrl-A.
Something hits you. Something shocks you. You resist.
You hit something but do no damage. Something hits you. Something shocks you.
You resist.
* * * LOW HITPOINT WARNING * * *
You miss something. Something hits you but does no damage.
You miss something. Something hits you.
* * * LOW HITPOINT WARNING * * *
Something shocks you. You resist.
* * * LOW HITPOINT WARNING * * *
Something hits you.
You die...

#.....##........
....###..###..##
....(..(.## #.#
.....(....###.## #######
.....#......#..# .......
#.....)####..#.#####.......
.......#####...............
....>....[..##.####........
....#...........@..........
....#...........{###.......
.##.########.....# .......
....### #.....# .......
.##...## ##....# .......
#.#..########..# #######
#.##.....#####.#
#...............#
####.....#####..#


There were no monsters in sight!

Vanquished Creatures
  3 dart slugs
  A leopard gecko (D:1)
  A ball python (D:1)
  A giant cockroach (D:1)
  A goblin (D:1)
  10 hobgoblins (D:1)
  4 jackals (D:2)
  4 bats (D:1)
  3 frilled lizards
  3 kobolds
  3 rats
34 creatures vanquished.

Notes
Turn   | Place    | Note
-------+----------+-------------------------------------------
     0 | D:1      | Borgoz the Gargoyle Gladiator began the quest for the Orb.
     0 | D:1      | Reached XP level 1. HP: 12/12 MP: 1/1
   143 | D:1      | Reached XP level 2. HP: 13/18 MP: 2/2
   390 | D:1      | Reached skill level 1 in Armour
   394 | D:1      | Reached XP level 3. HP: 16/22 MP: 3/3
   912 | D:2      | Noticed a sky beast
   974 | D:2      | Slain by a sky beast

Skill      XL: |  1  2  3 |
---------------+----------+-----
Armour         | 1 |  1.2
Axes           | 3 |  3.0
Dodging        | 3 |  3.0
Fighting       | |  2.7
Throwing       | |  1.7

Action                   || total
-------------------------++-------
Melee: War axe           ||   126
  Use: Potion            ||     2
Armor: Leather armour    ||    34
       Scale mail        ||    53
Dodge: Dodged            ||    63
